 Dungeon Crawl Stone Soup version 0.29.1-2-gbd0b4ee654 (webtiles) character file.

Game seed: 16402610615494187299

45 GorkyZ the Chopper (level 3, -7/28 HPs)
             Began as a Formicid Gladiator on Nov 20, 2022.
             Mangled by Sigmund
             ... wielding a +0 scythe
              (9 damage)
             ... on level 2 of the Dungeon.
             The game lasted 00:03:15 (891 turns).

GorkyZ the Chopper (Formicid Gladiator)              Turns: 891, Time: 00:03:16

Health: -7/28      AC:  8    Str: 20    XL:     3   Next: 90%
Magic:  3/3        EV: 11    Int:  7    God:
Gold:   109        SH:  0    Dex: 15    Spells: 2/2 levels left

rFire   . . .      SeeInvis +   e - +0 halberd
rCold   . . .      Faith    .   (no shield)
rNeg    . . .      Spirit   .   l - +0 ring mail
rPois   .          Reflect  .   (helmet unavailable)
rElec   .          Harm     .   (no cloak)
rCorr   .          Rampage  .   g - +2 pair of gloves
Will    .....                   (no boots)
Stlth   +.........              (no amulet)
HPRegen 0.09/turn               (no ring)
MPRegen 0.08/turn               (no ring)

@: no status effects
A: permanent stasis, dig shafts and tunnels, antennae 3, four strong arms
a: Dig, Shaft Self


You were on level 2 of the Dungeon.
You visited 1 branch of the dungeon, and saw 2 of its levels.

You collected 109 gold pieces.

Inventory:

Hand Weapons
 a - a +0 war axe
 e - a +0 halberd (weapon)
Missiles
 c - 3 throwing nets
 d - a javelin
Armour
 b - a +0 leather armour
 g - a +2 pair of gloves (worn)
 l - a +0 ring mail (worn)
Scrolls
 h - a scroll of teleportation {unknown}
 i - 2 scrolls of butterflies {unknown}
 j - 2 scrolls of amnesia {unknown}
 k - a scroll of identify {unknown}
Potions
 f - a potion of curing {unknown}


   Skills:
 + Level 2.6 Fighting
 - Level 3.0(3.1) Axes
 + Level 0.8(2.1) Polearms
 + Level 2.3 Throwing
 + Level 1.1 Armour
 - Level 2.6 Dodging
 + Level 1.5 Shields
 + Level 1.2 Evocations


You had 2 spell levels left.
You didn't know any spells.
Your spell library was empty.

Dungeon Overview and Level Annotations

Branches:
Dungeon (2/15)

Altars:

Annotations:
D:2 Sigmund


Innate Abilities, Weirdness & Mutations

You cannot be hasted, slowed, berserked, paralysed or teleported.
You can dig through walls and to a lower floor.
You have a pair of large antennae on your head. (SInv)
Your four strong arms can wield two-handed weapons with a shield.


Message History

You have reached level 3!
Your experience leads to an increase in your attributes!
Increase (S)trength, (I)ntelligence, or (D)exterity?
You feel stronger. x2
You closely miss Terence. Terence hits you but does no damage.
Sigmund hits you from afar with a +0 scythe.
Unknown command.
You slash Terence!
Terence is heavily wounded.
Terence barely misses you. x2; Sigmund completely misses you.
You hit Terence but do no damage.
Terence is heavily wounded.
Terence hits you with a +0 flail.
Sigmund hits you from afar with a +0 scythe.
You barely miss Terence.
Terence is heavily wounded.
Terence closely misses you.
You hit Terence.
Terence is severely wounded.
Terence hits you with a +0 flail. Sigmund closely misses you.
Terence closely misses you.
You hit Terence.
Terence is severely wounded.
Sigmund closely misses you. Terence hits you with a +0 flail!
You hit Terence but do no damage.
Terence is severely wounded.
Terence hits you with a +0 flail.
* * * LOW HITPOINT WARNING * * *
Sigmund barely misses you. Terence closely misses you.
You hit Terence.
Terence is almost dead.
Sigmund completely misses you. Terence hits you with a +0 flail.
* * * LOW HITPOINT WARNING * * *
You slash Terence!
You kill Terence!
Sigmund barely misses you.
Your life force feels restored.
Your Armour skill increases to level 1!
Sigmund hits you with a +0 scythe!
You die...

#.#...# ... # ##.....#
#... # ####......# #.. #
#.......... ... #
#........# #@# #
#........# #.# #
#........####)#+## #
#..........@@....## #
#........####)....# #
#....<..## #.......#
#######.###.####.........#
........# #....+.........+
#######.###.####..[......#
# #.....# ##.......## #
#####.# ##.....## # #.#
##...##


You could see Sigmund.

Vanquished Creatures
  Terence (D:2)
  3 ball pythons
  An endoplasm (D:1)
  A giant cockroach (D:1)
  A quokka (D:1)
  2 bats
  2 frilled lizards
  4 goblins
  2 kobolds
  4 rats
21 creatures vanquished.

Notes
Turn   | Place    | Note
-------+----------+-------------------------------------------
     0 | D:1      | GorkyZ the Formicid Gladiator began the quest for the Orb.
     0 | D:1      | Reached XP level 1. HP: 16/16 MP: 1/1
   331 | D:1      | Reached XP level 2. HP: 23/23 MP: 2/2
   468 | D:1      | Found a faded altar of an unknown god.
   749 | D:2      | Reached skill level 1 in Shields
   875 | D:2      | Noticed Terence
   875 | D:2      | Noticed Sigmund
   881 | D:2      | Reached skill level 1 in Evocations
   881 | D:2      | Reached XP level 3. HP: 26/27 MP: 3/3
   889 | D:2      | Killed Terence
   890 | D:2      | Reached skill level 1 in Armour
   891 | D:2      | Mangled by Sigmund

Illustrated notes

Levels and vault maps discovered:
D:1:      minmay_arrival_plants_in_alcoves, layout_basic,
          hellmonk_ecumenical_altar_prayer_group, due_unseen_surprise
D:2:      layout_loops_corners, serial_shops, shop, uniq_terence, uniq_sigmund

Skill      XL: |  1  2  3 |
---------------+----------+-----
Shields        | 1 |  1.5
Evocations     | 1 |  1.2
Armour         | 1 |  1.1
Fighting       | |  2.6
Axes           | |  3.0
Polearms       | |  0.8
Throwing       | |  2.3
Dodging        | |  2.6

Action                   || total
-------------------------++-------
Melee: War axe           ||    14
       Halberd           ||    46
Throw: Throwing net      ||     1
 Abil: Dig               ||     1
Armor: Leather armour    ||    13
       Ring mail         ||    16
Dodge: Dodged            ||    44
